TOP OF THE 1ST |
Spokane Trappers batting - Pitching for Texarkana Bears : RHP Álex Rodríguez
|
Pitching: RHP Álex Rodríguez
|
|
Batting: RHB Enrique Mendoza
|
0-0: Called Strike 0-1: Ball 1-1: Foul Ball, location: 2F 1-2: Strikes out swinging
|
Batting: RHB Clyde Kelley
|
0-0: Called Strike 0-1: Swinging Strike 0-2: Ball 1-2: Ball 2-2: Strikes out swinging
|
Batting: LHB Alan Moore
|
0-0: Ball 1-0: Called Strike 1-1: Swinging Strike 1-2: Foul Ball, location: 2F 1-2: Ground out 4-3 (Groundball, 4)
|
Top of the 1st over - 0 run(s), 0 hit(s), 0 error(s), 0 left on base; Spokane 0 - Texarkana 0 |
BOTTOM OF THE 1ST |
Texarkana Bears batting - Pitching for Spokane Trappers : RHP Michael Morris
|
Pitching: RHP Michael Morris
|
|
Batting: RHB Steve Garneys
|
0-0: Called Strike 0-1: Ground out 6-3 (Groundball, 6)
|
Batting: RHB Tony Reyes
|
0-0: Bunted foul 0-1: Foul Ball, location: 2F 0-2: Ball 1-2: Strikes out swinging
|
Batting: LHB Sam Barnes
|
0-0: Foul Ball, location: 2F 0-1: Ball 1-1: Ball 2-1: Foul Ball, location: 2F 2-2: Strikes out looking
|
Bottom of the 1st over - 0 run(s), 0 hit(s), 0 error(s), 0 left on base; Spokane 0 - Texarkana 0 |
TOP OF THE 2ND |
Spokane Trappers batting - Pitching for Texarkana Bears : RHP Álex Rodríguez
|
Batting: RHB Ramiro Ross
|
0-0: Ball 1-0: Ball 2-0: SINGLE (Line Drive, 6MD)
|
Batting: RHB Toru Nakanishi
|
0-0: Ball 1-0: Fly out, F8 (Flyball, 8LM)
|
Batting: RHB Alejandro Ramos
|
0-0: Ball 1-0: Fly out, F9 (Flyball, 89M)
|
Batting: RHB Júlio Quintana
|
0-0: Ball 1-0: Ball 2-0: Swinging Strike 2-1: Swinging Strike 2-2: Strikes out swinging
|
Top of the 2nd over - 0 run(s), 1 hit(s), 0 error(s), 1 left on base; Spokane 0 - Texarkana 0 |
BOTTOM OF THE 2ND |
Texarkana Bears batting - Pitching for Spokane Trappers : RHP Michael Morris
|
Batting: RHB Billy Campbell
|
0-0: Ball 1-0: Called Strike 1-1: Fly out, F8 (Flyball, 8LD)
|
Batting: LHB Tom Mullins
|
0-0: Foul Ball, location: 2F 0-1: Ball 1-1: Ball 2-1: Ball 3-1: Base on Balls
|
Batting: RHB Taki Chikafuji
|
0-0: Ball 1-0: Ball 2-0: Ground out 3-1 (Groundball, 34S) Tom Mullins to second
|
Batting: LHB Mark Thomas
|
0-0: Ball 1-0: Swinging Strike 1-1: Foul Ball, location: 2F 1-2: Ball 2-2: Ball 3-2: Base on Balls
|
Batting: RHB Juan Rico
|
0-0: Swinging Strike 0-1: SINGLE (Groundball, 56S) (infield hit) Tom Mullins to third Mark Thomas to second
|
Batting: RHB Arturo Rodríguez
|
0-0: Called Strike 0-1: Called Strike 0-2: Strikes out swinging
|
Bottom of the 2nd over - 0 run(s), 1 hit(s), 0 error(s), 3 left on base; Spokane 0 - Texarkana 0 |
TOP OF THE 3RD |
Spokane Trappers batting - Pitching for Texarkana Bears : RHP Álex Rodríguez
|
Batting: RHB Sergio Solíz
|
0-0: Swinging Strike 0-1: Foul Ball, location: 2F 0-2: Ball 1-2: Ball 2-2: Strikes out looking
|
Batting: LHB Jaime Padilla
|
0-0: Called Strike 0-1: Ball 1-1: Ball 2-1: Called Strike 2-2: Foul Ball, location: 2F 2-2: Ball 3-2: Foul Ball, location: 2F 3-2: Foul Ball, location: 2F 3-2: Ground out 5-3 (Groundball, 56)
|
Batting: RHB Enrique Mendoza
|
0-0: Ground out 6-3 (Groundball, 6)
|
Top of the 3rd over - 0 run(s), 0 hit(s), 0 error(s), 0 left on base; Spokane 0 - Texarkana 0 |
BOTTOM OF THE 3RD |
Texarkana Bears batting - Pitching for Spokane Trappers : RHP Michael Morris
|
Batting: RHB Steve Garneys
|
0-0: Swinging Strike 0-1: Ball 1-1: Foul Ball, location: 2F 1-2: Strikes out swinging
|
Batting: RHB Tony Reyes
|
0-0: SINGLE (Flyball, 78S)
|
Batting: LHB Sam Barnes
|
0-0: SINGLE (Groundball, 3) (infield hit) Tony Reyes to second
|
Batting: RHB Billy Campbell
|
0-0: Ball 1-0: SINGLE (Line Drive, 8RS) Tony Reyes to third Sam Barnes to second
|
Batting: LHB Tom Mullins
|
0-0: Ball 1-0: Ball 2-0: Fly out, F7 (Flyball, 7S)
|
Batting: RHB Taki Chikafuji
|
0-0: Foul Ball, location: 2F 0-1: Called Strike 0-2: Strikes out swinging
|
Bottom of the 3rd over - 0 run(s), 3 hit(s), 0 error(s), 3 left on base; Spokane 0 - Texarkana 0 |
TOP OF THE 4TH |
Spokane Trappers batting - Pitching for Texarkana Bears : RHP Álex Rodríguez
|
Batting: RHB Clyde Kelley
|
0-0: Fly out, F5 (Line Drive, 5)
|
Batting: LHB Alan Moore
|
0-0: Foul Ball, location: 2F 0-1: Hit by Pitch
|
Batting: RHB Ramiro Ross
|
0-0: Ball 1-0: Fly out, F5 (Popup, 5L)
|
Batting: RHB Toru Nakanishi
|
0-0: Ball 1-0: Swinging Strike 1-1: Foul Ball, location: 2F 1-2: Ball 2-2: Strikes out swinging
|
Top of the 4th over - 0 run(s), 0 hit(s), 0 error(s), 1 left on base; Spokane 0 - Texarkana 0 |
BOTTOM OF THE 4TH |
Texarkana Bears batting - Pitching for Spokane Trappers : RHP Michael Morris
|
Batting: LHB Mark Thomas
|
0-0: Swinging Strike 0-1: Called Strike 0-2: Fly out, F9 (Line Drive, 9)
|
Batting: RHB Juan Rico
|
0-0: Swinging Strike 0-1: Ball 1-1: Ball 2-1: Foul Ball, location: 2F 2-2: Ground out 4-3 (Groundball, 4)
|
Batting: RHB Arturo Rodríguez
|
0-0: Called Strike 0-1: Ball 1-1: Ground out 6-3 (Groundball, 6)
|
Bottom of the 4th over - 0 run(s), 0 hit(s), 0 error(s), 0 left on base; Spokane 0 - Texarkana 0 |
TOP OF THE 5TH |
Spokane Trappers batting - Pitching for Texarkana Bears : RHP Álex Rodríguez
|
Batting: RHB Alejandro Ramos
|
0-0: Fly out, F8 (Flyball, 78D)
|
Batting: RHB Júlio Quintana
|
0-0: Ground out 6-3 (Groundball, 6)
|
Batting: RHB Sergio Solíz
|
0-0: Swinging Strike 0-1: Foul Ball, location: 2F 0-2: Strikes out swinging
|
Top of the 5th over - 0 run(s), 0 hit(s), 0 error(s), 0 left on base; Spokane 0 - Texarkana 0 |
BOTTOM OF THE 5TH |
Texarkana Bears batting - Pitching for Spokane Trappers : RHP Michael Morris
|
Batting: RHB Steve Garneys
|
0-0: Ball 1-0: Foul Ball, location: 2F 1-1: Foul Ball, location: 2F 1-2: Ball 2-2: Foul Ball, location: 2F 2-2: Foul Ball, location: 2F 2-2: Fly out, F9 (Flyball, 9LS)
|
Batting: RHB Tony Reyes
|
0-0: Ball 1-0: Ball 2-0: Called Strike 2-1: Ball 3-1: SINGLE (Line Drive, 56D)
|
Batting: LHB Sam Barnes
|
0-0: Fielders Choice at 2nd, 4-6 (Groundball, 4)
|
Batting: RHB Billy Campbell
|
0-0: Ball 1-0: Ball 2-0: Foul Ball, location: 2F 2-1: 2-RUN HOME RUN (Line Drive, 78D), Distance : 411 ft
|
Batting: LHB Tom Mullins
|
0-0: Swinging Strike 0-1: Ball 1-1: Ball 2-1: Foul Ball, location: 2F 2-2: Strikes out swinging
|
Bottom of the 5th over - 2 run(s), 2 hit(s), 0 error(s), 0 left on base; Spokane 0 - Texarkana 2 |
TOP OF THE 6TH |
Spokane Trappers batting - Pitching for Texarkana Bears : RHP Álex Rodríguez
|
Batting: LHB Jaime Padilla
|
0-0: Ball 1-0: Swinging Strike 1-1: Fly out, F7 (Flyball, 7)
|
Batting: RHB Enrique Mendoza
|
0-0: Called Strike 0-1: Foul Ball, location: 2F 0-2: Foul Ball, location: 2F 0-2: SOLO HOME RUN (Flyball, 7LD), Distance : 376 ft
|
Batting: RHB Clyde Kelley
|
0-0: Fly out, F8 (Line Drive, 8LD)
|
Batting: LHB Alan Moore
|
0-0: Fly out, F7 (Flyball, 7D)
|
Top of the 6th over - 1 run(s), 1 hit(s), 0 error(s), 0 left on base; Spokane 1 - Texarkana 2 |
BOTTOM OF THE 6TH |
Texarkana Bears batting - Pitching for Spokane Trappers : RHP Michael Morris
|
Batting: RHB Taki Chikafuji
|
0-0: Ball 1-0: Foul Ball, location: 2F 1-1: Ball 2-1: Foul Ball, location: 2F 2-2: Strikes out swinging
|
Batting: LHB Mark Thomas
|
0-0: Fly out, F7 (Flyball, 7)
|
Batting: RHB Juan Rico
|
0-0: DOUBLE (Line Drive, 9LM) - OUT at third base trying to stretch hit.
|
Bottom of the 6th over - 0 run(s), 1 hit(s), 0 error(s), 0 left on base; Spokane 1 - Texarkana 2 |
TOP OF THE 7TH |
Spokane Trappers batting - Pitching for Texarkana Bears : RHP Álex Rodríguez
|
Batting: RHB Ramiro Ross
|
0-0: Ball 1-0: Ball 2-0: Swinging Strike 2-1: Ball 3-1: Ground out 6-3 (Groundball, 6)
|
Batting: RHB Toru Nakanishi
|
0-0: Called Strike 0-1: Ball 1-1: Swinging Strike 1-2: Ball 2-2: Strikes out swinging
|
Batting: RHB Alejandro Ramos
|
0-0: SINGLE (Groundball, 6MD)
|
Batting: RHB Júlio Quintana
|
0-0: Called Strike 0-1: Called Strike 0-2: Ground out 1-3 (Groundball, 13S)
|
Top of the 7th over - 0 run(s), 1 hit(s), 0 error(s), 1 left on base; Spokane 1 - Texarkana 2 |
BOTTOM OF THE 7TH |
Texarkana Bears batting - Pitching for Spokane Trappers : RHP Michael Morris
|
Batting: RHB Arturo Rodríguez
|
0-0: Foul Ball, location: 2F 0-1: Fly out, F9 (Line Drive, 89M)
|
Batting: RHB Steve Garneys
|
0-0: Fly out, F4 (Popup, 4)
|
Batting: RHB Tony Reyes
|
0-0: Ball 1-0: Foul Ball, location: 2F 1-1: Ground out 6-3 (Groundball, 6S)
|
Bottom of the 7th over - 0 run(s), 0 hit(s), 0 error(s), 0 left on base; Spokane 1 - Texarkana 2 |
TOP OF THE 8TH |
Spokane Trappers batting - Pitching for Texarkana Bears : RHP Álex Rodríguez
|
Batting: RHB Sergio Solíz
|
0-0: Ball 1-0: Ball 2-0: Swinging Strike 2-1: Foul Ball, location: 2F 2-2: Foul Ball, location: 2F 2-2: Strikes out looking
|
Batting: LHB Jaime Padilla
|
0-0: Ball 1-0: Ball 2-0: Ball 3-0: Base on Balls
|
Pitching: RHP Vaughan Gillespie
|
|
Batting: RHB Enrique Mendoza
|
0-0: Bunted foul 0-1: Sac Bunt - play at first, batter OUT! 1-4 Jaime Padilla to second
|
Pitching: RHP Jesús Sosa
|
|
Batting: RHB Clyde Kelley
|
0-0: Called Strike 0-1: Ball 1-1: Ball 2-1: Swinging Strike 2-2: Ground out 5-3 (Groundball, 56S)
|
Top of the 8th over - 0 run(s), 0 hit(s), 0 error(s), 1 left on base; Spokane 1 - Texarkana 2 |
BOTTOM OF THE 8TH |
Texarkana Bears batting - Pitching for Spokane Trappers : RHP Michael Morris
|
Batting: LHB Sam Barnes
|
0-0: Called Strike 0-1: Ball 1-1: Ball 2-1: Ball 3-1: Fly out, F7 (Flyball, 78M)
|
Batting: RHB Billy Campbell
|
0-0: DOUBLE (Line Drive, 8RD)
|
Batting: LHB Tom Mullins
|
0-0: Intentional Walk
|
Pitching: LHP Steve Paredes
|
|
Pinch Runner at 2nd Michael Barraclough:
|
|
Batting: RHB Taki Chikafuji
|
0-0: Called Strike 0-1: Ball 1-1: Called Strike 1-2: Ball 2-2: Strikes out swinging
|
Pinch Hitting: RHB Keith Ford
|
0-0: Ball 1-0: Ball 2-0: Ball 3-0: Base on Balls Michael Barraclough to third Tom Mullins to second
|
Batting: RHB Juan Rico
|
0-0: Ball 1-0: Fly out, F7 (Flyball, 7)
|
Bottom of the 8th over - 0 run(s), 1 hit(s), 0 error(s), 3 left on base; Spokane 1 - Texarkana 2 |
TOP OF THE 9TH |
Spokane Trappers batting - Pitching for Texarkana Bears : RHP Jesús Sosa
|
Pitching: RHP Víctor López
|
|
Now at 1B: Keith Ford
|
|
Now in RF: Michael Barraclough
|
|
Batting: LHB Alan Moore
|
0-0: Called Strike 0-1: Ball 1-1: Ball 2-1: Fly out, F7 (Flyball, 7S)
|
Batting: RHB Ramiro Ross
|
0-0: Swinging Strike 0-1: Swinging Strike 0-2: Foul Ball, location: 2F 0-2: Ball 1-2: Ground out 5-3 (Groundball, 56S)
|
Batting: RHB Toru Nakanishi
|
0-0: Ground out 1-3 (Groundball, P)
|
Top of the 9th over - 0 run(s), 0 hit(s), 0 error(s), 0 left on base; Spokane 1 - Texarkana 2 |
|